 Dungeon Sprint DCSS version 0.26-a0-665-gefeb406119 (webtiles) character file.

Game seed: 9954944263313696836

452 mhtbhm the Martial Artist (level 7, 0/48 HPs)
             Began as a Merfolk Transmuter on Oct 16, 2020.
             Was an Initiate of Okawaru.
             Slain by a slime creature (18 damage)
             ... in the Dungeon (Sprint I: "Red Sonja").
             The game lasted 00:01:20 (794 turns).

mhtbhm the Martial Artist (Merfolk Transmuter)       Turns: 794, Time: 00:01:20

Health: 0/48       AC:  4    Str: 12    XL:     7   Next: 5%
Magic:  9/16       EV: 16    Int: 13    God:    Okawaru [......]
Gold:   132        SH:  0    Dex: 14    Spells: 3/18 levels left

rFire    . . .     SeeInvis .     - Unarmed
rCold    . . .     Faith    .   (shield currently unavailable)
rNeg     . . .     Spirit   .   a - +0 robe
rPois    .         Reflect  .   (no helmet)
rElec    .         Harm     .   (no cloak)
rCorr    .         Rampage  .   (gloves currently unavailable)
MR       .....     NoTele   +   k - +1 pair of boots
Stlth    +.........             (no amulet)
HPRegen  0.16/turn              (no ring)
MPRegen  0.15/turn              (no ring)

@: blade hands, wereblooded
A: change form in water, swift swim, stealthy swim
a: End Transformation, Renounce Religion


You were in the Dungeon.
You worshipped Okawaru.
Okawaru was noncommittal.
You had blades for hands.
You visited 1 branch You collected 297 gold pieces.
You spent 165 gold pieces at shops.

Inventory:

Armour
 a - a +0 robe (worn)
 k - a +1 pair of boots (worn)
Wands
 b - a wand of flame (22)
Scrolls
 g - a scroll of identify {unknown}
 h - a scroll of blinking
 i - a scroll of remove curse {unknown}
 j - a scroll of immolation {unknown}
Potions
 c - a potion of curing
 d - a potion of heal wounds
 e - a potion of haste
 f - 2 potions of magic


   Skills:
 + Level 1.2 Fighting
 + Level 6.9 Dodging
 + Level 11.8 Unarmed Combat
 + Level 6.1 Spellcasting
 + Level 7.9 Transmutations
 + Level 1.0 Poison Magic


You had 3 spell levels left.
You knew the following spells:

 Your Spells              Type           Power        Failure   Level
a - Beastly Appendage     Tmut           ###...       13%         1
b - Wereblood             Tmut           ###.....     16%         2
c - Spider Form           Tmut/Pois      ###.......   41%         3
d - Ice Form              Ice/Tmut       ##......     75%         4
e - Blade Hands           Tmut           ###.......   61%         5

Your spell library contained the following spells:

 Spells                   Type           Power        Failure   Level


Dungeon Overview and Level Annotations

Branches:
Dungeon (1/1)

Altars:
Cheibriados
Dithmenos
Elyvilon
Fedhas
Gozag
Hepliaklqana
Kikubaaqudgha
Makhleb
Nemelex Xobeh
Okawaru
Qazlal
Ru
Sif Muna
Trog
Uskayaw
Vehumet
Wu Jian
Xom
Yredelemnul
Zin
The Shining One
Jiyva
Lugonu

Shops:
D [


Message History

Confirm with . or Enter, or press ? or * to list all spells.
Your blood is infused with primal strength.
You open the door.
A slime creature comes into view.
The slime creature quivers.
Found four altars.
The slime creature barely misses you.
There is an open door here.
You slash the slime creature!
The slime creature is lightly wounded.
The slime creature hits you!
You slash the slime creature!
The slime creature is heavily wounded.
The slime creature hits you!
You are too injured to fight recklessly!
You are too injured to fight recklessly!
You slice the slime creature!!
The slime creature is almost dead.
The slime creature hits you!!
You die...

###################
#<.#.)').#..'..#__#
#..'..#..').#..@J.+
#..#####'#####'#__#
#..####..#...#.####
#..#__####..##.#
#..#_____##'#_.+
#⌠⌠#_.∩..÷'..._#
####_..__##_.#'#
#_____###+#.#
####### ###


You could see a slime creature.

Vanquished Creatures
  Sigmund (D)
  A yak (D)
  An ogre (D)
  A jelly (D)
  Ijyb (D)
5 creatures vanquished.

Notes
Turn   | Place    | Note
-------+----------+-------------------------------------------
     0 | D        | mhtbhm the Merfolk Transmuter began the quest for the Orb.
     0 | D        | Reached XP level 1. HP: 15/15 MP: 3/3
     3 | D        | Noticed Ijyb
    12 | D        | Killed Ijyb
    12 | D        | Reached skill level 5 in Unarmed Combat
    12 | D        | Reached XP level 2. HP: 15/21 MP: 3/6
    12 | D        | Reached XP level 3. HP: 19/26 MP: 3/7
   169 | D        | Learned a level 2 spell: Wereblood
   173 | D        | Learned a level 3 spell: Spider Form
   174 | D        | Noticed an ogre
   179 | D        | Killed an ogre
   179 | D        | Reached skill level 8 in Unarmed Combat
   179 | D        | Reached skill level 5 in Transmutations
   179 | D        | Reached XP level 4. HP: 32/32 MP: 5/10
   292 | D        | Learned a level 4 spell: Ice Form
   294 | D        | Noticed Sigmund
   303 | D        | Killed Sigmund
   303 | D        | Reached skill level 10 in Unarmed Combat
   303 | D        | Reached skill level 5 in Spellcasting
   303 | D        | Reached XP level 5. HP: 25/37 MP: 6/12
   303 | D        | Reached XP level 6. HP: 29/43 MP: 7/14
   404 | D        | Found an ornate altar of the Wu Jian Council.
   404 | D        | Found a shimmering blue altar of Sif Muna.
   411 | D        | Learned a level 5 spell: Blade Hands
   413 | D        | Found a radiant altar of Vehumet.
   489 | D        | Found Bizuch's Antique Armour Emporium.
   489 | D        | Found an ancient bone altar of Kikubaaqudgha.
   489 | D        | Found a hazy altar of Hepliaklqana.
   489 | D        | Found a stormy altar of Qazlal.
   489 | D        | Found a hide-covered altar of Uskayaw.
   489 | D        | Found a blossoming altar of Fedhas.
   489 | D        | Found a bloodstained altar of Trog.
   489 | D        | Found an iron altar of Okawaru.
   489 | D        | Found a basalt altar of Yredelemnul.
   489 | D        | Found a glowing golden altar of the Shining One.
   489 | D        | Found a snail-covered altar of Cheibriados.
   489 | D        | Found a sacrificial altar of Ru.
   489 | D        | Found a glowing silver altar of Zin.
   489 | D        | Found a shadowy altar of Dithmenos.
   489 | D        | Found a white marble altar of Elyvilon.
   489 | D        | Noticed a yak
   490 | D        | Found an opulent altar of Gozag.
   497 | D        | Killed a yak
   497 | D        | Reached skill level 11 in Unarmed Combat
   497 | D        | Reached skill level 1 in Poison Magic
   497 | D        | Reached XP level 7. HP: 6/48 MP: 10/16
   498 | D        | Found a sparkling altar of Nemelex Xobeh.
   502 | D        | Bought a pair of embroidered boots for 165 gold pieces
   772 | D        | Became a worshipper of Warmaster Okawaru
   790 | D        | Found a burning altar of Makhleb.
   790 | D        | Found a viscous altar of Jiyva.
   790 | D        | Found a shimmering altar of Xom.
   790 | D        | Found a corrupted altar of Lugonu.
   790 | D        | Noticed a slime creature
   794 | D        | Slain by a slime creature

Illustrated notes

Levels and vault maps discovered:
D:        dungeon_sprint_1 [red_sonja_temple_1, red_sonja_temple_small_1]

Skill      XL: |  1  2  3  4  5  6 |
---------------+-------------------+-----
Dodging        | 3 4 6 |  6.9
Unarmed Combat | 5 8 10 11 | 11.8
Spellcasting   | 3 4 5 6 |  6.1
Transmutations | 3 5 6 7 |  7.9
Poison Magic   | 1 |  1.0
Fighting       | |  1.2

Action                   |  1- 3 |  4- 6 |  7- 9 || total
-------------------------+-------+-------+-------++-------
Melee: Unarmed           |    10 |    19 |     3 ||    32
       Headbutt          |     2 |       |       ||     2
 Cast: Beastly Appendage |     1 |       |       ||     1
       Spider Form       |     1 |     1 |       ||     2
       Wereblood         |       |     1 |     1 ||     2
       Blade Hands       |       |     2 |     1 ||     3
  Use: Potion            |     1 |       |       ||     1
Dodge: Dodged            |     5 |     7 |     1 ||    13

Table legend: (Time is in decaauts)
 A = Elapsed time spent in this place.
 B = Non-inter-level travel time spent in this place.
 C = Inter-level travel time spent in this place.
 D = Time resting spent in this place.
 E = Time spent auto-exploring this place.
 F = Levels seen in this place.
 G = Mean time per level.
                   A        B        C        D        E       F      G
               +--------+--------+--------+--------+--------+-----+--------+
         Total |    800 |    800 |      0 |    616 |      0 |   1 |  800.0 |
       Dungeon |    800 |    800 |      0 |    616 |      0 |   1 |  800.0 |
               +--------+--------+--------+--------+--------+-----+--------+

Top non-repeatable levels by time:
       D: 800 daAuts
